 Dungeon Crawl Stone Soup version 0.30-a0-1074-g5db6f66fbb (webtiles) character file.

Game seed: 3741712061686440087

1762 BubbleThief the Fighter (level 9, -1/90 HPs)
             Began as a Naga Cinder Acolyte on Apr 13, 2023.
             Was a Priest of Ignis.
             Slain by an orc warrior
             ... wielding a +0 trident
              (9 damage)
             ... on level 6 of the Dungeon.
             The game lasted 00:12:15 (5148 turns).

BubbleThief the Fighter (Naga Cinder Acolyte)       Turns: 5148, Time: 00:12:16

Health: -1/90      AC:  7    Str: 24    XL:     9   Next: 7%
Magic:  1/1        EV:  6    Int: 15    God:    Ignis [***...]
Gold:   92         SH: 13    Dex:  6    Spells: 8/10 levels left

rFire   + + .      SeeInvis +    a - +0 mace (flame)
rCold   + . .      Faith    .    x - +3 tower shield of Chill Winds {rPois rN+ MP-9 Str+3}
rNeg    + . .      Spirit   .    b - +0 robe
rPois   +          Reflect  .    (no helmet)
rElec   .          Rampage  .    (no cloak)
rCorr   .                        (no gloves)
Will    +....                    (no barding)
Stlth   +                        n - amulet of regeneration
HPRegen 1.15/turn                w - ring of protection from cold
MPRegen 0.07/turn                A - ring of protection from fire

@: short of breath, corroded, fiery-armoured, very slow
A: AC +3, large, see invisible, deformed body, poison resistance, slowness 2,
spit poison 1, naga tail 1
a: Spit Poison, Renounce Religion, Fiery Armour, Foxfire Swarm, Rising Flame


You were on level 6 of the Dungeon.
You worshipped Ignis.
Ignis was most pleased with you.
You visited 1 branch of the dungeon, and saw 6 of its levels.

You collected 291 gold pieces.
You spent 199 gold pieces at shops.

Inventory:

Hand Weapons
 a - a +0 mace of flaming (weapon)
Missiles
 y - 3 throwing nets
Armour
 b - a +0 robe (worn)
 x - the +3 tower shield of Chill Winds (worn) {rPois rN+ MP-9 Str+3}
   (You bought it in a shop on level 1 of the Dungeon)

   Str:       It affects your strength (+3).
   rPois:     It protects you from poison.
   rN:        It protects you from negative energy.
   MP:        It affects your magic capacity (-9).
Jewellery
 n - an amulet of regeneration (around neck)
 w - a ring of protection from cold (left hand)
 A - a ring of protection from fire (right hand)
Wands
 r - a wand of light (8)
 B - a wand of roots (10)
Scrolls
 d - a scroll of enchant weapon
 j - 6 scrolls of teleportation {unknown}
 l - 2 scrolls of fear {unknown}
 m - a scroll of poison {unknown}
 o - 3 scrolls of identify {unknown}
 p - a scroll of vulnerability {unknown}
 u - a scroll of amnesia {unknown}
 v - a scroll of torment {unknown}
Potions
 c - 2 potions of curing {unknown}
 f - 2 potions of brilliance {unknown}
 g - 2 potions of might {unknown}
 i - 2 potions of heal wounds {unknown}
 k - 2 potions of lignification {unknown}
 q - 2 potions of resistance
 s - a potion of magic {unknown}
 t - a potion of attraction {unknown}
 z - a potion of flight {unknown}


   Skills:
 + Level 8.3 Fighting
 + Level 8.3 Maces & Flails
 + Level 2.4 Shields
 - Level 1.0 Spellcasting
 - Level 3.0 Fire Magic


You had 8 spell levels left.
You knew the following spells:

 Your Spells              Type           Power      Damage    Failure   Level
a - Scorch                Fire           18%        2d5       63%         2

Your spell library contained the following spells:

 Spells                   Type           Power      Damage    Failure   Level
 Kiss of Death            Conj/Necr      0%         2d5       88%         1
 Confusing Touch          Hex            0%         N/A       99%         3
 Dispel Undead            Necr           0%         3d6       100%        4


Dungeon Overview and Level Annotations

Branches:
Dungeon (6/15)             Temple (0/1) D:4

Altars:
Ashenzari
Cheibriados
Kikubaaqudgha
Okawaru
Sif Muna

Shops:
D:1 :=[(   D:4 *   D:5 ?   D:6 [!


Innate Abilities, Weirdness & Mutations

Your serpentine skin is tough. (AC +3)
You have supernaturally acute eyesight. (SInv)
Armour fits poorly on your strangely shaped body.
Your system is resistant to poisons. (rPois)
You cover ground very slowly.
You can spit poison.
You have a snake-like lower body.


Message History

Aiming: Spit Poison (1% risk of failure)
Press: ? - help, Shift-Dir - straight line, f - orc
Aim: an orc, wielding a +0 dagger (64% to hit)
The splash of poison hits the orc.
The orc is poisoned.
The orc is almost dead.
The orc wizard gestures wildly while chanting.
The orc wizard flickers and vanishes for a moment.
The orc hits you but does no damage.
The orc is burned by your cloak of flames.
You kill the orc!
You block the phantom's attack. You block the orc's attack.
The orc warrior hits you with a +0 trident.
The iguana completely misses you.
You miss the phantom.
The phantom is heavily damaged.
You block the phantom's attack. You block the ice beast's attack.
The orc hits you with a +0 short sword.
The orc is burned by your cloak of flames.
The orc is almost dead.
The orc warrior hits you with a +0 trident!
* * * LOW HITPOINT WARNING * * *
The orc warrior is burned by your cloak of flames.
The orc warrior is lightly wounded.
The iguana bites you.
* * * LOW HITPOINT WARNING * * *
The iguana is burned by your cloak of flames.
The iguana is moderately wounded.
You block the orc's attack.
The ice beast hits you but does no damage.
The ice beast melts!
The ice beast is burned by your cloak of flames.
The ice beast is lightly wounded.
The iguana closely misses you.
An orc comes into view. It is wielding a +0 club.
The phantom hits you.
* * * LOW HITPOINT WARNING * * *
The phantom is burned by your cloak of flames.
The phantom is heavily damaged.
The orc warrior hits you with a +0 trident!
You die...

,,,,,,,,,,,,,,,,,,,,,,**
**,,,,,,,>...o.........#
~*,,,,,,,...........)..#
~*,,,,,,,#............#*
∩*,,,,,,.#......o.....#
~*,,,.,,,.........o..#*
**,,,W.,##....ooo....##
,,,,,,..#.....#YlW....#######
,,,,,,,#.....###@o....#.....#
,,,,,..#.........o...#..##..#
,,,,,............#..###.....####
,,,,,..........###..D##........##
,,,>,.......#.##.##....8.>D∩.<.8#
,,,,,.......#.g..##............##
,,,,,......)..#..)#...#..#...###
,,,,,.........##.....###.#.....##
,,*,,>........###†.###*#.####...#


You could see a steam dragon, 2 orc warriors, an ice beast, a phantom, an
iguana, 2 orc wizards and 4 orcs.

Vanquished Creatures
  Sigmund (D:2)
  Menkaure (D:5)
  2 black bears (D:5)
  3 ogres
  A centaur (D:5)
  A phantom (D:4)
  Blork the orc (D:5)
  A gnoll sergeant (D:5)
  A scorpion (D:5)
  A howler monkey (D:5)
  2 hounds
  3 jellies
  A gnoll bouda (D:6)
  An orc priest (D:5)
  2 sleepcaps
  Ijyb (D:3)
  3 iguanas
  2 orc wizards (D:5)
  11 gnolls
  7 adders
  A shadow imp (D:6)
  2 white imps (D:5)
  3 worms
  A dart slug (D:2)
  14 orcs
  5 bats
  6 endoplasms
  2 giant cockroaches
  6 goblins
  5 hobgoblins
  13 jackals
  2 quokkas
  6 ball pythons
  2 frilled lizards
  8 kobolds
  5 rats
127 creatures vanquished.

Vanquished Creatures (others)
  6 foxfires (D:2)
  2 plants (D:2)
8 creatures vanquished.

Grand Total: 135 creatures vanquished

Notes
Turn   | Place    | Note
-------+----------+-------------------------------------------
     0 | D:1      | BubbleThief the Naga Cinder Acolyte began the quest for the
                  | Orb.
     0 | D:1      | Reached XP level 1. HP: 21/21 MP: 2/2
     6 | D:1      | Noticed a snapping turtle
     7 | D:1      | Noticed a lindwurm
     7 | D:1      | Noticed a rime drake
    48 | D:1      | Found a faded altar of an unknown god.
    56 | D:1      | Found Kaebaim's Jewellery Emporium.
   225 | D:1      | Found Ipne Cai's Book Emporium.
   268 | D:1      | Reached XP level 2. HP: 28/28 MP: 3/3
   326 | D:1      | Learned a level 2 spell: Scorch
   483 | D:1      | Found Zamm's Antique Armour Boutique.
   793 | D:1      | Found Fuggi's Antique Weapon Shoppe.
  1090 | D:2      | Reached XP level 3. HP: 27/34 MP: 4/4
  1102 | D:2      | HP: 1/34 [gnoll/+0 club (4)]
  1321 | D:2      | Noticed Sigmund
  1339 | D:2      | Killed Sigmund
  1340 | D:2      | Reached skill level 5 in Maces & Flails
  1340 | D:2      | Reached XP level 4. HP: 4/45 MP: 0/5
  1340 | D:2      | Reached XP level 5. HP: 5/51 MP: 0/6
  1553 | D:2      | Reached skill level 5 in Fighting
  1656 | D:2      | Reached XP level 6. HP: 61/61 MP: 4/7
  2189 | D:3      | Noticed Ijyb
  2197 | D:3      | Killed Ijyb
  2528 | D:3      | Found an iron altar of Okawaru.
  2652 | D:3      | Found an ancient bone altar of Kikubaaqudgha.
  2979 | D:4      | Reached XP level 7. HP: 68/68 MP: 3/8
  3291 | D:4      | Found Opeifiug's Assorted Antiques.
  3409 | D:4      | Found a staircase to the Ecumenical Temple.
  3433 | D:4      | Found a snail-covered altar of Cheibriados.
  3786 | D:1      | Bought a slimy tower shield for 199 gold pieces
  3786 | D:1      | Identified the +3 tower shield of Chill Winds {rPois rN+
                  | MP-9 Str+3} (You bought it in a shop on level 1 of the
                  | Dungeon)
  3862 | D:5      | Entered Level 5 of the Dungeon
  4152 | D:5      | Reached XP level 8. HP: 36/78 MP: 0/9
  4279 | D:5      | Found a shimmering blue altar of Sif Muna.
  4291 | D:5      | Noticed Blork the orc
  4300 | D:5      | Killed Blork the orc
  4516 | D:5      | Found a broken altar of Ashenzari.
  4668 | D:5      | Noticed Menkaure
  4675 | D:5      | Reached skill level 1 in Shields
  4683 | D:5      | Killed Menkaure
  4761 | D:5      | Found Cienot's Magic Scroll Shop.
  5034 | D:6      | Reached XP level 9. HP: 88/88 MP: 1/10
  5088 | D:6      | Found Timewk's Distillery.
  5110 | D:6      | Found Qelomeu's Antique Armour Shoppe.
  5148 | D:6      | Slain by an orc warrior

Illustrated notes

Levels and vault maps discovered:
D:1:      onia_arrival_zoo_common, layout_basic,
          shapermc_ecumenical_altar_mp_ritualfount, serial_rivers,
          chequers_serial_rivers_large_b, chequers_serial_rivers_marsh,
          chequers_serial_rivers_marsh, chequers_serial_rivers_micro_d,
          serial_shops, shop, shop, nicolae_square_shop, nicolae_diamond_shop
D:2:      layout_rooms, chequers_big_river, uniq_sigmund
D:3:      layout_basic, kennysheep_okawaru_gauntlet,
          mainiacjoe_overflow_six_doors_small, glass_columns_b, uniq_ijyb
D:4:      layout_rooms, cheibrodos_worm_habitat, temple_statues, serial_shops,
          nicolae_shop_competitors_out_of_business
D:5:      layout_loops_cross, marbit_many_paths, general_overflow_altar,
          serial_shops, shop, skrybe_limestone_x, uniq_blork_the_orc,
          uniq_menkaure
D:6:      layout_cave_pools, gup_sewer_entry_bowl, serial_shops, shop,
          nicolae_shop_trees, nicolae_shop_window_shopping,
          nicolae_stop_n_shop_2, shop, nicolae_benzene_ring

Skill      XL: |  1  2  3  4  5  6  7  8 |
---------------+-------------------------+-----
Fighting       | 4 5 6 8 |  8.3
Maces & Flails | 5 6 8 |  8.3
Shields        | 2 |  2.4
Spellcasting   | |  1.0
Fire Magic     | |  3.0

Action                     |  1- 3 |  4- 6 |  7- 9 || total
---------------------------+-------+-------+-------++-------
  Melee: Mace              |    69 |    57 |   168 ||   294
         Punch             |       |     1 |       ||     1
   Cast: Scorch            |     5 |    14 |    10 ||    29
 Invoke: Fiery Armour      |     1 |     1 |     2 ||     4
         Foxfire Swarm     |     1 |       |       ||     1
Ability: Spit Poison       |     6 |    17 |    44 ||    67
  Evoke: Wand              |       |       |     3 ||     3
    Use: Scroll            |       |       |     3 ||     3
   Stab: Invisible         |       |       |     2 ||     2
 Armour: Robe              |    12 |    20 |    36 ||    68
  Dodge: Dodged            |    31 |    22 |    50 ||   103
  Block: Tower shield      |       |       |   120 ||   120

Table legend: (Time is in decaauts)
 A = Elapsed time spent in this place.
 B = Non-inter-level travel time spent in this place.
 C = Inter-level travel time spent in this place.
 D = Time resting spent in this place.
 E = Time spent auto-exploring this place.
 F = Levels seen in this place.
 G = Mean time per level.
                   A        B        C        D        E       F      G
               +--------+--------+--------+--------+--------+-----+--------+
         Total |   6571 |   6193 |    378 |    235 |   4854 |   6 | 1095.2 |
       Dungeon |   6571 |   6193 |    378 |    235 |   4854 |   6 | 1095.2 |
               +--------+--------+--------+--------+--------+-----+--------+

Top non-repeatable levels by time:
     D:5: 1449 daAuts
     D:1: 1447 daAuts
     D:2: 1330 daAuts
     D:3: 1179 daAuts
     D:4: 1021 daAuts
     D:6: 142 daAuts
